 Dungeon Crawl Stone Soup version 0.25.0-11-g1f837a76a1 (webtiles) character file.

Game seed: 1975284465610917146

64 VeryBadPlayer the Insei (level 4, 0/29 HPs)
             Began as an Octopode Transmuter on June 26, 2020.
             Slain by a worm (9 damage)
             ... on level 2 of the Dungeon.
             The game lasted 00:04:56 (1138 turns).

VeryBadPlayer the Insei (Octopode Transmuter)       Turns: 1138, Time: 00:04:57

Health: 0/29       AC:  3    Str:  9    XL:     4   Next: 12%
Magic:  6/7        EV: 13    Int: 16    God:
Gold:   57         SH:  0    Dex: 12    Spells: 6/7 levels left

rFire    . . .     SeeInvis .     - Unarmed
rCold    . . .     Gourm    .   (no shield)
rNeg     . . .     Faith    .   b - +2 hat
rPois    .         Spirit   .   (no amulet)
rElec    .         Reflect  .   (no ring)
rCorr    .         Harm     .   (no ring)
MR       .....                  (no ring)
Stlth    ++........             (no ring)
HPRegen  0.09/turn              (no ring)
MPRegen  0.10/turn              (no ring)
                                (no ring)
                                (no ring)

@: appendage
A: almost no armour, stealthy swim, amphibious, 8 rings, constrict 8, tentacle
spike 3, camouflage 1, gelatinous body 1
a: End Transformation


You were on level 2 of the Dungeon.
You were not hungry.
One of your tentacles had a temporary spike.
You visited 1 branch of the dungeon, and saw 2 of its levels.

You collected 57 gold pieces.

Inventory:

Missiles
 a - 12 arrows
Armour
 b - a +2 hat (worn)
Wands
 i - a wand of flame (15)
Scrolls
 m - a scroll of enchant weapon {unknown}
Potions
 e - 2 potions of flight {unknown}
 f - a potion of lignification {unknown}
 g - a potion of might {unknown}
 h - 2 potions of haste {unknown}
 j - a potion of invisibility {unknown}
 k - a potion of heal wounds {unknown}
 l - a potion of brilliance {unknown}
Comestibles
 c - 4 rations
 d - 5 chunks of flesh


   Skills:
 + Level 1.8 Fighting
 + Level 2.5 Dodging
 + Level 3.3 Unarmed Combat
 + Level 2.4 Spellcasting
 * Level 2.7 Transmutations


You had 6 spell levels left.
You knew the following spells:

 Your Spells              Type           Power        Failure   Level  Hunger
a - Beastly Appendage     Tmut           ##....       6%          1    #......

Your spell library contained the following spells:

 Spells                   Type           Power        Failure   Level  Hunger
 Sticks to Snakes         Tmut           ##......     10%         2    ###....
 Spider Form              Tmut/Pois      #.........   34%         3    ###....
 Ice Form                 Ice/Tmut       #.......     75%         4    #####..
 Blade Hands              Tmut           ##........   87%         5    ######.


Dungeon Overview and Level Annotations

Branches:
Dungeon (2/15)

Altars:
Uskayaw


Innate Abilities, Weirdness & Mutations

You cannot wear most types of armour.
You are very stealthy in the water. (Stealth+)
You are amphibious.
You can wear up to eight rings at the same time.
You can use your tentacles to constrict eight enemies at once.
Your skin changes colour to match your surroundings (Stealth+).
Your rubbery body absorbs attacks. (AC +1, EV +1)
One of your tentacles bears a large vicious spike.


Message History

The leopard gecko misses you.
You tentacle-slap the leopard gecko. You grab the leopard gecko.
The leopard gecko is severely wounded.
You constrict the leopard gecko.
You kill the leopard gecko!
The worm bites you!
You see here a leopard gecko corpse.
Casting: Beastly Appendage (safe; 6% risk of failure)
Confirm with . or Enter, or press ? or * to list all spells.
One of your tentacles grows a vicious spike.
You tentacle-slap the worm. You grab the worm. You squeeze the worm.
The worm is moderately wounded.
You constrict the worm, but do no damage.
The worm bites you!
You tentacle-slap the worm but do no damage.
You pierce the worm.
The worm is moderately wounded.
You constrict the worm, but do no damage.
The worm bites you!
You die...

####### ##.....##
........############
######$[..##.........#
#.!...#@.............#
#..(.w#.............#
#..#######............#
# #............#
#............#
#.#..........#
#(...........#
#............#
####+.#.##..#######.


You could see a worm.

Vanquished Creatures
  An adder (D:2)
  An ooze (D:1)
  2 worms (D:2)
  2 dart slugs (D:1)
  A leopard gecko (D:2)
  3 giant cockroaches (D:1)
  7 goblins
  2 hobgoblins
  4 kobolds (D:1)
  A quokka (D:2)
  5 bats
  5 frilled lizards
  5 rats (D:1)
39 creatures vanquished.

Notes
Turn   | Place    | Note
-------+----------+-------------------------------------------
     0 | D:1      | VeryBadPlayer the Octopode Transmuter began the quest for
                  | the Orb.
     0 | D:1      | Reached XP level 1. HP: 13/13 MP: 3/3
   124 | D:1      | Reached XP level 2. HP: 18/18 MP: 3/5
   301 | D:1      | Reached XP level 3. HP: 23/23 MP: 6/6
   970 | D:2      | Found a hide-covered altar of Uskayaw.
  1088 | D:2      | Reached XP level 4. HP: 29/29 MP: 7/7
  1138 | D:2      | Slain by a worm

Illustrated notes

Levels and vault maps discovered:
D:1:      evilmike_arrival_hilbert_curve, layout_loops_ring
D:2:      layout_basic, lemuel_doored_altar, eat_drink_and_be_merry_uskayaw,
          minmay_3d_cube

Action                   |  1- 3 |  4- 6 || total
-------------------------+-------+-------++-------
Melee: Unarmed           |    86 |    12 ||    98
       Constrict         |    26 |     3 ||    29
       Tentacles         |    16 |     3 ||    19
       Kick              |     1 |     1 ||     2
       Punch             |     1 |       ||     1
 Cast: Beastly Appendage |     1 |     1 ||     2
 Stab: Sleeping          |     9 |       ||     9
  Eat: Chunk             |     1 |       ||     1
Armor: Skin              |    18 |     1 ||    19
Dodge: Dodged            |    46 |     4 ||    50
